 Dungeon Crawl Stone Soup version 0.28-a0-1033-g1a2f33fa85 (webtiles) character file.

Game seed: 8193578995090052234

35 lunkers the Skirmisher (level 3, -1/30 HPs)
             Began as a Djinni Cinder Acolyte on Dec 7, 2021.
             Was a High Priest of Ignis.
             Slain by an adder (2 damage)
             ... on level 2 of the Dungeon.
             The game lasted 00:03:12 (1458 turns).

lunkers the Skirmisher (Djinni Cinder Acolyte)      Turns: 1458, Time: 00:03:12

Health: -1/30      AC:  2    Str: 13    XL:     3   Next: 55%
Gold:   34         EV: 11    Int: 17    God:    Ignis [*****.] SH:  0 Dex:  8

rFire   + + +      SeeInvis .   a - -1 short sword (flame)
rCold   x . .      Faith    .   (no shield)
rNeg    . . .      Spirit   .   b - +0 robe
rPois   ∞          Reflect  .   (no helmet)
rElec   .          Harm     .   (no cloak)
rCorr   .          Rampage  .   (no gloves)
Will    .....                   (boots unavailable)
Stlth   +.........              (no amulet)
HPRegen 0.10/turn               (no ring)
MPRegen 0.00/turn               (no ring)

@: flying, very slightly contaminated
A: sickness immunity, fire resistance 2, cold vulnerability 1, float, innate
caster, hp casting, extra vitality 1
a: Renounce Religion, Fiery Armour, Foxfire Swarm, Rising Flame


You were on level 2 of the Dungeon.
You worshipped Ignis.
Ignis was extremely pleased with you.
You visited 1 branch of the dungeon, and saw 2 of its levels.

You collected 34 gold pieces.

Inventory:

Hand Weapons
 a - a -1 short sword of flaming (weapon)
 d - a +3 whip
Missiles
 h - a throwing net
Armour
 b - a +0 robe (worn)
Magical Staves
 c - a staff of poison
Jewellery
 e - an amulet of magic regeneration


   Skills:
 + Level 3.4 Fighting
 - Level 2.6 Short Blades
 * Level 3.1 Spellcasting


You had 5 spell levels left.
You knew the following spells:

 Your Spells              Type           Power      Damage    Failure   Level
o - Foxfire               Conj/Fire      52%        2x1d6     4%          1
p - Scorch                Fire           26%        2d6       7%          2
Your spell library was empty.

Dungeon Overview and Level Annotations

Branches:
Dungeon (2/15)

Altars:


Innate Abilities, Weirdness & Mutations

You are immune to sickness and miasma.
You are immune to poison.
Your flesh is very heat resistant. (rF++)
You are vulnerable to cold. (rC-)
You float through the air rather than walking.
You learn spells naturally, not from books.
Your magical power is your life essence.
You have superior vitality. (+4 HP)


Message History

You miscast Scorch.
You are very lightly contaminated with residual magic.
Nothing appears to happen.
* * * LOW HITPOINT WARNING * * *
The adder closely misses you.
You aren't carrying any items that you can evoke.
Unknown command.
You aren't carrying any potions.
Unknown command.
You aren't carrying any scrolls.
You aren't carrying any items that you can evoke.
You aren't carrying any potions.
You aren't carrying any scrolls.
You aren't carrying any items that you can evoke.
Unknown command.
Casting: Scorch (safe; 7% risk of failure)
Confirm with . or Enter, or press ? or * to list all spells.
Okay, then.
Casting: Scorch (safe; 7% risk of failure)
Confirm with . or Enter, or press ? or * to list all spells.
You conjure some foxfire!
* * * LOW HITPOINT WARNING * * *
The kobold is no longer more vulnerable to fire.
The adder bites you.
* * * LOW HITPOINT WARNING * * *
The adder closely misses you.
Hit: a) -1 short sword (flame)
Press: ? - help, Dir - move target, f - adder
Aim: an adder (ally target, about 62% to evade your -1 short sword of flaming)
Okay, then.
The foxfire hits the adder.
The adder is lightly wounded.
The foxfire hits the adder.
The adder is heavily wounded.
Casting: Foxfire (safe; 4% risk of failure)
Confirm with . or Enter, or press ? or * to list all spells.
You conjure some foxfire!
* * * LOW HITPOINT WARNING * * *
The adder bites you.
You die...

......#)#
...##<#
#.#..#
#...##
#)..#
#.#..#
##K##.#
##S.# ..#
#@§##
#...
#vv##
..##
#..## ...
#.# #> #.
#


You could see an adder (ally target) and a kobold.

Vanquished Creatures
  A gnoll (D:1)
  2 ball pythons
  4 bats
  5 endoplasms (D:1)
  2 giant cockroaches (D:1)
  A hobgoblin (D:1)
  3 kobolds
  2 frilled lizards (D:1)
  2 rats (D:1)
22 creatures vanquished.

Vanquished Creatures (others)
  2 foxfires (D:2)
2 creatures vanquished.

Grand Total: 24 creatures vanquished

Notes
Turn   | Place    | Note
-------+----------+-------------------------------------------
     0 | D:1      | lunkers the Djinni Cinder Acolyte began the quest for the
                  | Orb.
     0 | D:1      | Reached XP level 1. HP: 20/20 MP: 0/0
   360 | D:1      | Reached XP level 2. HP: 24/25 MP: 0/0
   662 | D:1      | Reached XP level 3. HP: 16/30 MP: 0/0
   662 | D:1      | Learned a level 1 spell: Foxfire
  1458 | D:2      | Slain by an adder

Illustrated notes

Levels and vault maps discovered:
D:1:      saegor_arrival_simple_a, layout_loops_ring, minmay_misc_feat_rows,
          minmay_misc_feat_roman
D:2:      layout_rooms

Skill      XL: |  1  2  3 |
---------------+----------+-----
Spellcasting   | 3 |  3.1
Fighting       | |  3.4
Short Blades   | |  2.6

Action                   || total
-------------------------++-------
Melee: Short sword       ||    31
 Cast: Scorch            ||    25
       Foxfire           ||     2
  Use: Scroll            ||     3
Armor: Robe              ||    14
Dodge: Dodged            ||    29

Table legend: (Time is in decaauts)
 A = Elapsed time spent in this place.
 B = Non-inter-level travel time spent in this place.
 C = Inter-level travel time spent in this place.
 D = Time resting spent in this place.
 E = Time spent auto-exploring this place.
 F = Levels seen in this place.
 G = Mean time per level.
                   A        B        C        D        E       F      G
               +--------+--------+--------+--------+--------+-----+--------+
         Total |   1456 |   1456 |      0 |      0 |   1255 |   2 |  728.0 |
       Dungeon |   1456 |   1456 |      0 |      0 |   1255 |   2 |  728.0 |
               +--------+--------+--------+--------+--------+-----+--------+

Top non-repeatable levels by time:
     D:1: 1439 daAuts
     D:2: 16 daAuts
